 Dungeon Crawl Stone Soup version 0.30-a0-242-g7bf8e6d787 (webtiles) character file.

Game seed: 6542617060873934505

207 Sobieck the Skirmisher (level 5, -5/29 HPs)
             Began as a Deep Elf Hunter on Oct 11, 2022.
             Slain by an ogre
             ... wielding a +0 giant spiked club
              (18 damage)
             ... on level 4 of the Dungeon.
             The game lasted 00:05:19 (2871 turns).

Sobieck the Skirmisher (Deep Elf Hunter)            Turns: 2871, Time: 00:05:20

Health: -5/29      AC:  5    Str:  8    XL:     5   Next: 54%
Magic:  7/7        EV: 12    Int: 14    God:
Gold:   129        SH:  0    Dex: 20    Spells: 4/4 levels left

rFire   . . .      SeeInvis .    a - +1 shortbow {bow}
rCold   . . .      Faith    .    (shield currently unavailable)
rNeg    . . .      Spirit   .    c - +0 leather armour
rPois   +          Reflect  .    r - +1 helmet
rElec   .          Harm     .    (no cloak)
rCorr   .          Rampage  .    (no gloves)
Will    .....                    (no boots)
Stlth   +.........               (no amulet)
HPRegen 0.24/turn                C - ring of poison resistance
MPRegen 0.10/turn                (no ring)

@: very slow
A: no striking features
a: no special abilities


You were on level 4 of the Dungeon.
You visited 1 branch of the dungeon, and saw 4 of its levels.
You also visited: Sewer.

You collected 129 gold pieces.


   Skills:
 - Level 1.5 Fighting
 + Level 9.1 Ranged Weapons
 - Level 2.4 Dodging
 - Level 1.2 Stealth


You had 4 spell levels left.
You didn't know any spells.
Your spell library was empty.

Inventory:

Hand Weapons
 a - a +1 shortbow (weapon) {bow}
 p - a +2 dagger of protection {short}
   (You found it on level 2 of the Dungeon)
 s - a +0 dagger of draining {short}
   (You took it off a goblin on level 2 of the Dungeon)
 w - a +1 dagger of flaming {short}
   (You took it off a kobold in a sewer)
Missiles
 m - 47 stones {throwing}
 y - 5 poisoned darts {throwing}
Armour
 c - a +0 leather armour (worn)
 g - a +0 robe
   (You took it off an orc wizard on level 4 of the Dungeon)
 i - a +0 leather armour
   (You found it on level 1 of the Dungeon)
 j - a +0 chain mail
   (You took it off an orc on level 4 of the Dungeon)
 n - a +0 robe
   (You found it on level 1 of the Dungeon)
 q - a +0 animal skin
   (You took it off Robin on level 2 of the Dungeon)
 r - a +1 helmet (worn)
   (You took it off Robin on level 2 of the Dungeon)
 t - a +0 chain mail
   (You found it on level 2 of the Dungeon)
Magical Staves
 v - a staff of air {!astaff}
   (You found it on level 3 of the Dungeon)
Jewellery
 C - a ring of poison resistance (left hand)
   (You acquired it in a sewer)
Scrolls
 b - a scroll of immolation {!r!r}
 f - a scroll of teleportation {@r4}
Potions
 d - a potion of ambrosia {unknown}
 e - 2 potions of berserk rage {unknown}
 h - 2 potions of curing {@q1}
 k - a potion of haste {@q3}
 l - 2 potions of attraction {!q}
 o - 3 potions of heal wounds {unknown}
 u - a potion of magic {unknown}
 x - a potion of mutation {unknown}
 z - a potion of brilliance {unknown}
 A - 2 potions of invisibility {unknown}
 B - 2 potions of cancellation {unknown}
 D - a potion of resistance {unknown}

Dungeon Overview and Level Annotations

Branches:
Dungeon (4/15) Zot: 21380  Temple (0/1) D:4           Sewer (visited)

Altars:
Nemelex Xobeh

Shops:
D:3 (

Annotations:
D:3 exclusion: downstairs
D:4 Edmund

#..). .## . ##...
..#.#
#..)########.#.###
####.#)##...........#
#....#).).#####.###...
# #....### #..##
...##.)### #...#
#....<## #~~~# .
..###.# #@5~# .... ..#
#~O~# .... ...# #~~~#
..... ###.. #~.~#
.....# ### #~~@# ....
o. #~รท~# ......bo
#~~~# .b.......
#~~~####..........
#...#..........o..


You could see Edmund, an ogre and an ufetubus.


Message History

Danger!
Your line of fire to the bat is blocked by a plant.
Your line of fire to the bat is blocked by a plant.
Unknown command.
Unknown command.
The bat hits you but does no damage.
Unknown command.
You shoot an arrow. The arrow hits the bat!
You kill the bat!
No target in view!
No target in view!
You see here a bat corpse.
You open the large door. 3 kobolds come into view.
Found four items.
Found a gate leading back out of this place.
Danger!
You shoot an arrow. The arrow hits the kobold!
You kill the kobold!
The kobold shouts! x2
You shoot an arrow. The arrow barely misses the kobold.
You shoot an arrow. The arrow misses the kobold.
You shoot an arrow. The arrow hits the kobold.
The kobold closely misses you.
You shoot an arrow. The arrow barely misses the kobold.
The kobold closely misses you. The kobold hits you with a +0 club.
You shoot an arrow. The arrow hits the kobold.
You kill the kobold!
The kobold hits you but does no damage. The kobold hits you with a +0 club.
You shoot an arrow.
The arrow hits the kobold but does no damage.
The kobold barely misses you.
You shoot an arrow. The arrow hits the kobold.
You kill the kobold!
No target in view!
There is a large open door here.
Things that are here:
a +0 short sword {short}; a kobold corpse
o - 3 ruby potions (gained 1)
D - an amethyst potion
A - 2 fuming purple potions (gained 1)
There is a large open door here.
Things that are here:
a +0 short sword {short}; a kobold corpse You enter the shallow water.
Moving in this stuff is going to be slow.
Done exploring.
Done exploring.
This is a scroll of acquirement!
You hear a splash.
Something appears at your feet!
Unknown command.
C - a ring of poison resistance
C - a ring of poison resistance (left hand) Sorry, you can't auto-travel out of here.
You can't go up here!
Unknown command.
Unknown command.
There is a large open door here.
Things that are here:
a +0 short sword {short}; a kobold corpse
There is a gate leading back out of this place here.
Welcome back to the Dungeon!
Level annotation: Edmund
There is a collapsed entrance here.
Unknown command.
Unknown command.
Unknown command.
You enter the shallow water.
Moving in this stuff is going to be slow.
You see here a quokka skeleton.
A ball python comes into view.
Danger!
You shoot an arrow.
The arrow closely misses the ball python.
The ball python hisses angrily.
You hear a shout!
You shoot an arrow. The arrow hits the ball python.
You kill the ball python!
Unknown command.
You enter the shallow water.
Moving in this stuff is going to be slow.
You see here a quokka skeleton.
Danger!
Unknown command.
You shoot an arrow. The ufetubus shouts!
The arrow hits the ogre!
The ogre hits you with a +0 giant spiked club!
Ouch! That really hurt!
* * * LOW HITPOINT WARNING * * *
The ogre hits you with a +0 giant spiked club.
* * * LOW HITPOINT WARNING * * *
Unknown command.
Okay, then.
The ufetubus hits you but does no damage.
The ufetubus closely misses you.
The ufetubus splashes around in the water.
The ufetubus completely misses you.
The ogre hits you with a +0 giant spiked club!!
Ouch! That really hurt!
You die...

Skill      XL: |  1  2  3  4  5 |
---------------+----------------+-----
Ranged Weapons | 6 7 8 9 |  9.1
Fighting       | |  1.5
Dodging        | |  2.4
Stealth        | |  1.2

Action                   |  1- 3 |  4- 6 || total
-------------------------+-------+-------++-------
 Fire: Shortbow          |    99 |   142 ||   241
  Use: Scroll            |       |     9 ||     9
       Potion            |       |     1 ||     1
Armor: Leather armour    |     7 |    22 ||    29
Dodge: Dodged            |    27 |    49 ||    76

Levels and vault maps discovered:
D:1:      minmay_arrival_hallway, layout_loops_ring,
          minmay_misc_feat_more_columns, kennysheep_another_room,
          minmay_curled_crystal
D:2:      layout_rooms, chequers_ecumenical_altar_simple_redux, uniq_robin
D:3:      layout_basic, nemelex_diamond_rough_becter, serial_shops,
          nicolae_shop_bloodbath_and_beyond
D:4:      layout_rooms, minmay_temple_entry_butterflies,
          gammafunk_ghost_stat_death, portal_sewer_entry_f, uniq_eustachio,
          uniq_sigmund, uniq_crazy_yiuf_cottage, uniq_edmund

Notes
Turn   | Place    | Note
-------+----------+-------------------------------------------
     0 | D:1      | Sobieck the Deep Elf Hunter began the quest for the Orb.
     0 | D:1      | Reached XP level 1. HP: 12/12 MP: 3/3
   145 | D:1      | Reached XP level 2. HP: 16/16 MP: 4/4
   147 | D:1      | Reached skill level 6 in Ranged Weapons
   883 | D:2      | Reached XP level 3. HP: 20/20 MP: 5/5
   937 | D:2      | Noticed Robin
  1122 | D:2      | Killed Robin
  1123 | D:2      | Reached skill level 7 in Ranged Weapons
  1223 | D:2      | Found a faded altar of an unknown god.
  1414 | D:2      | HP: 5/20 [poisoned by an adder]
  1420 | D:2      | Reached XP level 4. HP: 6/25 MP: 6/6
  1625 | D:3      | Found Plog's Weapon Shop.
  1706 | D:3      | Reached skill level 8 in Ranged Weapons
  1811 | D:3      | Found a sparkling altar of Nemelex Xobeh.
  1974 | D:3      | Reached XP level 5. HP: 26/29 MP: 7/7
  2261 | D:4      | Noticed Edmund
  2261 | D:4      | Noticed an ogre
  2261 | D:4      | Found a staircase to the Ecumenical Temple.
  2533 | D:4      | Found a glowing drain.
  2545 | Sewer    | Entered a sewer
  2694 | Sewer    | Reached skill level 9 in Ranged Weapons
  2831 | Sewer    | Identified a scroll of acquirement
  2831 | Sewer    | Acquired a ring of poison resistance
  2871 | D:4      | Slain by an ogre

Vanquished Creatures
  A hound (D:3)
  An orc wizard (D:4)
  Robin (D:2)
  3 adders
  A worm (D:2)
  2 dart slugs (D:1)
  4 orcs (D:4)
  13 ball pythons
  9 bats
  5 endoplasms
  5 giant cockroaches
  12 goblins
  7 hobgoblins
  4 jackals (D:3)
  3 quokkas
  4 frilled lizards
  18 kobolds
  4 rats
97 creatures vanquished.

Vanquished Creatures (others)
  A plant (Sewer)
1 creature vanquished.

Grand Total: 98 creatures vanquished

Table legend:
 A = Non-vault XP
 B = Vault XP
 C = Vault XP percentage of total XP
 D = Non-vault monster count
 E = Vault monster count
 F = Vault count percentage of total count
                 A         B        C        D         E       F
            +---------+---------+-------+---------+---------+-------
      Total |     220 |      76 |  25.7 |      57 |      40 |  41.2
            +---------+---------+-------+---------+---------+-------
        D:1 |      34 |       2 |   5.6 |      17 |       1 |   5.6
        D:2 |      32 |      31 |  49.2 |      11 |      10 |  47.6
        D:3 |     102 |       0 |   0.0 |      22 |       0 |   0.0
        D:4 |      52 |       6 |  10.3 |       7 |       3 |  30.0
      Sewer |       0 |      37 | 100.0 |       0 |      26 | 100.0
            +---------+---------+-------+---------+---------+-------

Illustrated notes

Table legend:
 A = Kills in this place as a percentage of kills in entire the game.
 B = Kills by you in this place as a percentage of kills by you in the entire game.
 C = Kills by friends in this place as a percentage of kills by friends in the entire game.
 D = Other kills in this place as a percentage of other kills in the entire game.
 E = Experience gained in this place as a percentage of experience gained in the entire game.
 F = Experience gained in this place divided by the number of levels of this place that you have seen.
                   A       B       C       D       E      F
               +-------+-------+-------+-------+-------+----------------------
         Total | 100.0 | 100.0 |   N/A |   N/A | 100.0 |  59.2
       Dungeon |  73.2 |  73.2 |   N/A |   N/A |  87.5 |  64.8
         Sewer |  26.8 |  26.8 |   N/A |   N/A |  12.5 |  37.0
               +-------+-------+-------+-------+-------+----------------------

Table legend: (Time is in decaauts)
 A = Elapsed time spent in this place.
 B = Non-inter-level travel time spent in this place.
 C = Inter-level travel time spent in this place.
 D = Time resting spent in this place.
 E = Time spent auto-exploring this place.
 F = Levels seen in this place.
 G = Mean time per level.
                   A        B        C        D        E       F      G
               +--------+--------+--------+--------+--------+-----+--------+
         Total |   2944 |   2819 |    125 |    396 |   1859 |   5 |  588.8 |
       Dungeon |   2618 |   2493 |    125 |    372 |   1666 |   4 |  654.5 |
         Sewer |    326 |    326 |      0 |     24 |    193 |   1 |  326.0 |
               +--------+--------+--------+--------+--------+-----+--------+

Top non-repeatable levels by time:
     D:3: 1010 daAuts
     D:1: 958 daAuts
     D:2: 533 daAuts
   Sewer: 326 daAuts
     D:4: 116 daAuts
